 Dungeon Crawl Stone Soup version 0.18.1-2-ga659475 (webtiles) character file.

557 ricardofg the Gusty (level 7, -1/51 HPs)
             Began as a White Draconian Air Elementalist on May 7, 2016.
             Slain by a hippogriff (4 damage)
             ... on level 4 of the Dungeon.
             The game lasted 00:13:19 (5043 turns).

ricardofg the Gusty (DrAE)                          Turns: 5043, Time: 00:13:19

Health: -1/51      AC:  8    Str: 10    XL:     7   Next: 9%
Magic:  0/13       EV: 13    Int: 17    God:
Gold:   171        SH:  0    Dex: 12    Spells: 3 memorised, 8 levels left

rFire  . . .     SeeInvis .     e - +0 dagger (speed)
rCold  + . .     Gourm    .     (armour unavailable)
rNeg   . . .     Faith    .     (no shield)
rPois  .         Spirit   .     (helmet restricted)
rElec  .         Dismiss  .     (no cloak)
rCorr  .         Reflect  .     k - +1 pair of gloves
SustAt .         Harm     .     (no boots)
MR     .....                    (no amulet)
Stlth  ++........               (no ring)
                                (no ring)

@: very slightly contaminated, not resistant to hostile enchantments, unstealthy
A: breathe frost, unfitting armour, cold resistance 1, cold-blooded, AC +6
a: Breathe Frost


You were on level 4 of the Dungeon.
You were not hungry.

You visited 1 branch of the dungeon, and saw 5 of its levels.

You collected 171 gold pieces.

Inventory:

Hand Weapons
 e - a +0 dagger of speed (weapon)
 l - a +0 whip
Armour
 k - a +1 pair of gloves (worn)
Wands
 u - a wand of digging (18/24)
 w - a wand of teleportation (3/9)
Scrolls
 c - a scroll of noise {unknown}
 g - 3 scrolls of identify
 h - 6 scrolls of remove curse
 j - 2 scrolls of teleportation
 m - a scroll of amnesia {unknown}
 t - a scroll of fog {unknown}
 v - 2 scrolls of fear
Potions
 d - 2 potions of resistance
 f - 2 potions of lignification
 n - a potion of curing
 o - a potion of might {unknown}
 q - a potion of heal wounds {unknown}
 r - a potion of haste {unknown}
Books
 a - a book of Air

   Spells                             Type                      Level
   a - Shock                          Conjuration/Air              1
   b - Swiftness                      Charms/Air                   2
   c - Repel Missiles                 Charms/Air                   2
   d - Static Discharge               Conjuration/Air              3
   e - Lightning Bolt                 Conjuration/Air              5
Comestibles
 b - 4 bread rations
 i - a royal jelly
 p - a meat ration


   Skills:
 + Level 0.7 Fighting
 + Level 3.0 Dodging
 - Level 1.7 Stealth
 * Level 4.1 Spellcasting
 * Level 3.9 Conjurations
 * Level 5.0 Air Magic


You had 8 spell levels left.
You knew the following spells:

 Your Spells              Type           Power        Failure   Level  Hunger
a - Shock                 Conj/Air       ###.         2%          1    None
b - Repel Missiles        Chrm/Air       ##....       10%         2    ##.....
c - Static Discharge      Conj/Air       ###.....     10%         3    ###....


Dungeon Overview and Level Annotations

Branches:
Dungeon (5/15)
 Temple: D:4-7

Altars:
Dithmenos
Fedhas
Gozag
Kikubaaqudgha
Makhleb
Nemelex Xobeh
Ru
Trog
Xom


Innate Abilities, Weirdness & Mutations

You can breathe waves of freezing cold.
You can buffet flying creatures when you breathe cold.
Your icy white scales are hard (AC +6).
Your body does not fit into most forms of armour.
Your flesh is cold resistant.
You are cold-blooded and may be slowed by cold attacks.


Message History

You are too injured to fight recklessly!
You barely miss the hippogriff.
The hippogriff is almost dead.
The hippogriff bites you but does no damage.
The hippogriff pecks you but does no damage.
The hippogriff claws you.
* * * LOW HITPOINT WARNING * * *
Drink which item? (? for menu, Esc to quit)
It was a potion of curing.
You feel better.
The hippogriff bites you but does no damage.
The hippogriff pecks you but does no damage.
The hippogriff claws you but does no damage.
You hit the hippogriff.
The hippogriff is almost dead.
You hit the hippogriff.
The hippogriff is almost dead.
The hippogriff bites you.
* * * LOW HITPOINT WARNING * * *
The hippogriff pecks you.
You die...

#........##...#
#........# ####
#........#
#........#
#........#
##....#######
##+#.......#
#.......#
#....@..#
#....)H.#
#......$#
#.....)[.....
######.......
....... .....##
.....# .....#


You could see a hippogriff.

Vanquished Creatures
  A phantom (D:4)
  A water moccasin zombie (D:5)
  2 vampire bats (D:2)
  2 hounds
  An orc priest (D:4)
  2 giant frog skeletons
  2 worker ants (D:4)
  A hound zombie (D:5)
  A howler monkey skeleton (D:4)
  3 adders (D:3)
  3 worms (D:2)
  2 dart slugs
  3 giant geckos
  7 orcs
  A ball python (D:3)
  2 bat skeletons (D:2)
  3 bat zombies (D:2)
  3 giant cockroaches
  6 hobgoblins
  4 jackals
  7 bats
  3 giant newts
  7 goblins (D:1)
  9 kobolds
  A quokka skeleton (D:4)
  9 rats
86 creatures vanquished.

Notes
Turn   | Place    | Note
--------------------------------------------------------------
     0 | D:1      | ricardofg the Draconian Air Elementalist began the quest for the Orb.
     0 | D:1      | Reached XP level 1. HP: 14/14 MP: 3/3
   179 | D:1      | Reached XP level 2. HP: 7/20 MP: 0/5
   668 | D:1      | You fall through a shaft!
  1097 | D:1      | Reached XP level 3. HP: 18/26 MP: 6/6
  1195 | D:1      | Learned a level 2 spell: Repel Missiles
  1986 | D:2      | Found an ancient bone altar of Kikubaaqudgha.
  2016 | D:2      | Reached XP level 4. HP: 19/33 MP: 4/8
  2020 | D:2      | Reached skill level 4 in Air Magic
  2588 | D:2      | Reached XP level 5. HP: 38/38 MP: 9/9
  2833 | D:3      | Learned a level 3 spell: Static Discharge
  2946 | D:3      | Found an opulent altar of Gozag.
  3151 | D:3      | Found a sparkling altar of Nemelex Xobeh.
  3151 | D:3      | Found a sacrificial altar of Ru.
  3465 | D:3      | Found a shadowy altar of Dithmenos.
  3465 | D:3      | Found a bloodstained altar of Trog.
  3465 | D:3      | Found a shimmering altar of Xom.
  3467 | D:3      | Found a burning altar of Makhleb.
  3470 | D:3      | Found a blossoming altar of Fedhas.
  3897 | D:4      | You fall through a shaft!
  3897 | D:5      | Entered Level 5 of the Dungeon
  4015 | D:5      | Found a shadowy altar of Dithmenos.
  4041 | D:5      | Reached XP level 6. HP: 44/45 MP: 11/11
  4931 | D:4      | Your scales start taking on an icy white colour.
  4931 | D:4      | Reached XP level 7. HP: 35/51 MP: 13/13
  4931 | D:4      | Gained mutation: Your flesh is cold resistant. [White Draconian growth]
  5027 | D:4      | Noticed a hippogriff
  5038 | D:4      | Reached skill level 5 in Air Magic
  5040 | D:4      | HP: 1/51 [hippogriff (3)]
  5043 | D:4      | Slain by a hippogriff

Skill      XL: |  1  2  3  4  5  6  7 |
---------------+----------------------+-----
Dodging        | 2 3 |  3.0
Conjurations   | 2 3 |  3.9
Spellcasting   | 3 4 |  4.1
Air Magic      | 4 5 |  5.0
Fighting       | |  0.7
Stealth        | |  1.7

Action                   |  1- 3 |  4- 6 |  7- 9 || total
-------------------------+-------+-------+-------++-------
Melee: Unarmed           |    10 |       |       ||    10
       Tailslap          |    16 |    29 |     1 ||    46
       Dagger            |   149 |   306 |     5 ||   460
 Cast: Shock             |    16 |    42 |     6 ||    64
       Static Discharge  |       |     4 |     2 ||     6
  Use: Scroll            |     1 |     4 |       ||     5
       Potion            |       |       |     1 ||     1
 Stab: Sleeping          |     4 |     5 |       ||     9
  Eat: Chunk             |     4 |     5 |       ||     9
       Beef jerky        |       |     1 |       ||     1
       Bread ration      |       |     1 |       ||     1
Armor: Skin              |    74 |    87 |     6 ||   167
Dodge: Dodged            |   125 |   143 |    20 ||   288
